 Dungeon Sprint DCSS version 0.17-a0-2127-g1cb09f6 (webtiles) character file.

341 Kidiri the Covert (level 6, -10/28 HPs)
             Began as a Spriggan Enchanter on Oct 22, 2015.
             Was an Initiate of Dithmenos.
             Mangled by a spatial vortex (25 damage)
             ... in the Dungeon (Sprint III: "The Ten Rune Challenge").
             The game lasted 00:05:09 (1305 turns).

Kidiri the Covert (Spriggan Enchanter)              Turns: 1305, Time: 00:05:09

Health: -10/28     AC:  3    Str:  4    XL:     6   Next: 30%
Magic:  2/17       EV: 26    Int: 17    God:    Dithmenos [......]
Gold:   35         SH:  0    Dex: 18    Spells: 5 memorised, 7 levels left

rFire  . . .     SeeInvis +     a - +1 dagger
rCold  + . .     Clarity  +     b - +1 robe
rNeg   . . .     SustAt   .     (shield restricted)
rPois  .         Gourm    .     (helmet restricted)
rElec  .         Spirit   .     (no cloak)
rCorr  .         Warding  .     (gloves unavailable)
rMut   .         NoTele   +     (boots unavailable)
MR     +....                    (no amulet)
Stlth  +++++.....               (no ring)
                                (no ring)

@: very quick, somewhat resistant to hostile enchantments, quite stealthy
A: unfitting armour, repulsion field 1, see invisible, blink, clarity, cold
resistance 1, herbivore 3, speed 3, slow metabolism 2
a: Blink, Renounce Religion


You were in the Dungeon.
You worshipped Dithmenos.
Dithmenos was noncommittal.
You were not hungry.

You visited 1 branch You collected 35 gold pieces.

Inventory:

Hand Weapons
 a - a +1 dagger (weapon)
Armour
 b - a +1 robe (worn)
Scrolls
 j - a scroll of blinking
 n - 3 scrolls of remove curse
 p - a scroll of holy word
 q - a scroll of enchant armour {unknown}
Potions
 e - a potion of curing
 f - a potion of heal wounds
 g - 2 potions of haste
 h - 3 potions of magic
 s - 2 potions of flight
Books
 c - a book of Maledictions

   Spells                             Type                      Level
   a - Corona                         Hexes                        1
   b - Ensorcelled Hibernation        Hexes/Ice                    2
   c - Confuse                        Hexes                        3
   d - Tukima's Dance                 Hexes                        3
   e - Dazzling Spray                 Conjuration/Hexes            3
Comestibles
 d - 2 bread rations
 o - 4 fruits
 r - 2 royal jellies


   Skills:
 * Level 6.1 Short Blades
 + Level 2.6 Armour
 * Level 8.4 Dodging
 * Level 9.7 Stealth
 * Level 7.4 Spellcasting
 + Level 2.3 Conjurations
 + Level 5.9 Hexes
 + Level 2.5 Ice Magic
 + Level 0.0 Invocations


You had 7 spell levels left.
You knew the following spells:

 Your Spells              Type           Power        Failure   Level  Hunger
a - Corona                Hex            ####...      1%          1    None
b - Ensorcelled Hibernat  Hex/Ice        ###...       2%          2    None
c - Confuse               Hex            ####....     3%          3    ##.....
d - Tukima's Dance        Hex            ####....     3%          3    ##.....
e - Dazzling Spray        Conj/Hex       ###.....     10%         3    ##.....


Dungeon Overview and Level Annotations

Branches:
Dungeon (1/1)

Altars:
Dithmenos
Gozag
Makhleb
Nemelex Xobeh
Qazlal
Ru
Xom
Jiyva
Lugonu


Innate Abilities, Weirdness & Mutations

You are tiny and cannot use many weapons and most armour.
You have supernaturally acute eyesight.
You are a herbivore.
You cover ground extremely quickly.
You need consume almost no food.
You are surrounded by a mild repulsion field (EV +2).
You can translocate small distances at will.
You possess an exceptional clarity of mind.
Your flesh is cold resistant.


Message History

You hit the spatial vortex.
The spatial vortex is severely damaged.
You hit the spatial vortex.
The spatial vortex is severely damaged.
You hit the spatial vortex.
The spatial vortex is severely damaged.
You hit the spatial vortex.
The spatial vortex is almost destroyed.
Your magical contamination has completely faded away.
You barely miss the spatial vortex.
The spatial vortex is almost destroyed.
You hit the spatial vortex.
The spatial vortex is almost destroyed.
You completely miss the spatial vortex.
The spatial vortex is almost destroyed.
You hit the spatial vortex.
The spatial vortex is almost destroyed.
The spatial vortex hits you!!
Ouch! That really hurt!
You die...

...#####..# ....#?.#..#
#...#..#..###+#+###+##
##..##+#..#..........#
##..###...'.⌠........#
#..####...#...######'#
#..###....#.⌠.#__#...#
#
...##.....#...#_v#...#
#O#
...#......#+###_@#...##
.O .##.#.....#
#__#...+##.#
.#####....#
#_.'...#...# ▓▓ ▓▓▓▓▓▓
▓▓▓▓▓▓▓▓▓▓▓▓


You could see a spatial vortex.

Vanquished Creatures
  A shadow (D)
  A water elemental (D)
  A scorpion (D)
  A jelly (D)
  Jessica (D)
  A human (D)
  An ooze (D)
  2 rats (D)
9 creatures vanquished.

Vanquished Creatures (others)
  2 draconian scorchers (D)
  Nessos (D)
  2 yaktaurs (D)
  2 fire drakes (D)
  3 plants (D)
10 creatures vanquished.

Grand Total: 19 creatures vanquished

Notes
Turn   | Place    | Note
--------------------------------------------------------------
     0 | D        | Kidiri the Spriggan Enchanter began the quest for the Orb.
     0 | D        | Reached XP level 1. HP: 9/9 MP: 5/5
    47 | D        | Noticed Jessica
    84 | D        | Killed Jessica
    84 | D        | Reached skill level 1 in Armour
    84 | D        | Reached skill level 6 in Stealth
    84 | D        | Reached XP level 2. HP: 5/13 MP: 5/8
    84 | D        | Reached XP level 3. HP: 6/16 MP: 5/9
    87 | D        | Killed a yaktaur
    90 | D        | Learned a level 2 spell: Ensorcelled Hibernation
    94 | D        | Learned a level 3 spell: Confuse
    98 | D        | Learned a level 3 spell: Dazzling Spray
   197 | D        | Killed a white draconian scorcher
   224 | D        | Killed a white draconian scorcher
   295 | D        | Killed a fire drake
   302 | D        | Noticed a scorpion
   310 | D        | Killed a scorpion
   310 | D        | Reached skill level 5 in Dodging
   310 | D        | Reached skill level 7 in Stealth
   310 | D        | Reached skill level 5 in Spellcasting
   310 | D        | Reached skill level 1 in Ice Magic
   310 | D        | Reached XP level 4. HP: 21/21 MP: 9/12
   324 | D        | Reached skill level 1 in Conjurations
   329 | D        | Learned a level 3 spell: Tukima's Dance
   347 | D        | Killed a yaktaur
   400 | D        | Gained mutation: Armour fits poorly on your strangely shaped body. [potion of mutation]
   400 | D        | Gained mutation: You can translocate small distances at will. [potion of mutation]
   400 | D        | Gained mutation: Your flesh is cold resistant. [potion of mutation]
   401 | D        | Gained mutation: You are dopey. (Int -2) [potion of mutation]
   401 | D        | Lost mutation: You are dopey. (Int -2) [potion of mutation]
   401 | D        | Gained mutation: You are surrounded by a mild repulsion field (EV +2). [potion of mutation]
   402 | D        | Gained mutation: You possess an exceptional clarity of mind. [potion of mutation]
   402 | D        | Lost mutation: Armour fits poorly on your strangely shaped body. [potion of mutation]
   413 | D        | Noticed a water elemental
   445 | D        | Killed a water elemental
   445 | D        | Reached skill level 8 in Stealth
   445 | D        | Reached skill level 5 in Hexes
   445 | D        | Reached XP level 5. HP: 17/24 MP: 2/14
   567 | D        | Killed Nessos
   632 | D        | Noticed a jelly
   633 | D        | Noticed a shadow
   681 | D        | Killed a jelly
   681 | D        | Reached skill level 5 in Short Blades
   699 | D        | Killed a shadow
   699 | D        | Reached skill level 9 in Stealth
   699 | D        | Reached XP level 6. HP: 10/28 MP: 2/17
   707 | D        | Killed a fire drake
   955 | D        | Noticed a two-headed ogre
   955 | D        | Noticed a two-headed ogre
   963 | D        | Found a stormy altar of Qazlal.
   963 | D        | Found a sacrificial altar of Ru.
   963 | D        | Found a burning altar of Makhleb.
   963 | D        | Found a shimmering altar of Xom.
   964 | D        | Found a viscous altar of Jiyva.
   964 | D        | Found a shadowy altar of Dithmenos.
   964 | D        | Found a sparkling altar of Nemelex Xobeh.
   964 | D        | Found a corrupted altar of Lugonu.
   964 | D        | Found an opulent altar of Gozag.
   964 | D        | Noticed a spatial vortex
   968 | D        | Became a worshipper of Dithmenos the Shadowed
   973 | D        | HP: 1/28 [spatial vortex (20)]
  1305 | D        | Mangled by a spatial vortex

Vault maps used:
D:        dungeon_sprint_mu

Action                   |  1- 3 |  4- 6 || total
-------------------------+-------+-------++-------
Melee: Dagger            |    12 |    52 ||    64
 Cast: Corona            |     1 |       ||     1
       Ensorcelled Hiber |     1 |     4 ||     5
       Dazzling Spray    |       |    18 ||    18
  Use: Potion            |       |     5 ||     5
       Scroll            |       |     2 ||     2
 Stab: Sleeping          |     2 |     1 ||     3
